[ AOE2 MATCH · #481679682 ]
1v1 RMKhmer vs Khmer
Player's team · WIN
Rival team · LOSS
[ REPLAY ANALYSIS · EXTRACTED FROM THE RECORDED GAME ]
Feudal
11:47
Castle
20:44
Imperial
30:44
| APM avg | 5.6 |
| APM peak | 15 |
| eAPM avg | 5.1 |
| Villagers / military | 40 / 32 |
Focus
⚔️ 24.3% · 🌾 75.7%
Ballista Elephant ×23 · Trebuchet (Packed) ×4 · Knight ×2 · Scorpion ×2 · Monk ×1
Feudal
11:32
Castle
21:46
Imperial
38:16
| APM avg | 8.7 |
| APM peak | 21 |
| eAPM avg | 8.3 |
| Villagers / military | 74 / 59 |
Focus
⚔️ 28.3% · 🌾 71.7%
Spearman ×25 · Scout Cavalry ×23 · Mangonel ×7 · Monk ×3 · Scorpion ×1
Match map
Initial resources + every placement click. Lines = walls · curves = elevation contours. ◆ gold · ⬟ stone · ● berries · ✦ relic · ◌ wall gap
Your base· ✓ Closed at 20:44 · 0t walls · 2 gate(s)
laranev0101's base· ✓ Closed at 21:46 · 0t walls · 2 gate(s)
Smoothed initial terrain · ◌ = detected wall gap · hover for details
Inputs per minute
— k9_1a - - laranev0101
Build order — k9_1a
134 actions detected in the replay
| 0:11 | Build | House |
| 0:23 | Research | Loom |
| 0:24 | Create | Villager (Male) |
| 0:24 | Create | Villager (Male) |
| 0:24 | Create | Villager (Male) |
| 0:24 | Create | Villager (Male) |
| 0:58 | Build | Mill |
| 1:51 | Build | Lumber Camp |
| 2:43 | Create | Villager (Male) |
| 3:18 | Create | Villager (Male) |
| 3:42 | Create | Villager (Male) |
| 3:51 | Build | House |
| 3:58 | Create | Villager (Male) |
| 4:45 | Create | Villager (Male) |
| 5:01 | Build | House |
| 5:27 | Create | Villager (Male) |
| 5:41 | Build | House |
| 5:54 | Create | Villager (Male) |
| 6:29 | Build | Mill |
| 6:43 | Create | Villager (Male) |
| 7:04 | Create | Villager (Male) |
| 7:58 | Create | Villager (Male) |
| 8:55 | Create | Villager (Male) |
| 9:28 | Build | Mining Camp |
| 9:37 | Research | Feudal Age |
| 11:17 | Create | Villager (Male) |
| 11:47 | Age | Feudal Age |
| 11:56 | Build | Stable |
| 12:10 | Research | Gold Mining |
| 12:22 | Create | Villager (Male) |
| 13:05 | Build | Farm |
| 13:08 | Research | Horse Collar |
| 13:38 | Create | Villager (Male) |
| 13:50 | Build | House |
| 14:29 | Build | House |
| 14:54 | Create | Villager (Male) |
| 15:12 | Research | Double-Bit Axe |
| 15:21 | Build | Mining Camp |
| 15:34 | Create | Villager (Male) |
| 15:54 | Create | Villager (Male) |
| 16:04 | Build | Farm |
| 16:28 | Build | House |
| 16:36 | Build | Farm |
| 16:42 | Create | Villager (Male) |
| 17:15 | Build | Farm |
| 17:23 | Build | Farm |
| 18:04 | Research | Castle Age |
| 18:19 | Build | Watch Tower |
| 18:31 | Build | Mill |
| 19:19 | Research | Stone Mining |
| 20:32 | Create | Villager (Male) |
| 20:44 | Age | Castle Age |
| 20:49 | Create | Knight |
| 20:49 | Create | Knight |
| 20:50 | Research | Husbandry |
| 20:57 | Create | Villager (Male) |
| 21:20 | Build | Monastery |
| 21:28 | Create | Villager (Male) |
| 21:50 | Build | Farm |
| 21:56 | Create | Villager (Male) |
| 22:12 | Build | Farm |
| 22:26 | Build | House |
| 22:32 | Create | Monk |
| 22:42 | Research | Stone Shaft Mining |
| 22:57 | Build | Farm |
| 23:02 | Create | Villager (Male) |
| 23:12 | Research | Heavy Plow |
| 23:23 | Create | Villager (Male) |
| 23:42 | Build | Farm |
| 23:56 | Build | Farm |
| 24:07 | Build | Farm |
| 24:23 | Create | Villager (Male) |
| 24:43 | Create | Villager (Male) |
| 25:06 | Build | Castle |
| 25:16 | Create | Villager (Male) |
| 25:30 | Build | Farm |
| 25:52 | Build | Farm |
| 26:00 | Create | Villager (Male) |
| 26:27 | Create | Villager (Male) |
| 26:36 | Build | Farm |
| 27:35 | Research | Imperial Age |
| 28:20 | Build | House |
| 28:22 | Build | House |
| 28:25 | Build | House |
| 28:38 | Build | University |
| 28:58 | Build | Mining Camp |
| 29:24 | Create | Ballista Elephant |
| 29:26 | Create | Ballista Elephant |
| 30:00 | Create | Ballista Elephant |
| 30:13 | Build | House |
| 30:16 | Build | House |
| 30:17 | Build | House |
| 30:23 | Research | Murder Holes |
| 30:31 | Build | Farm |
| 30:44 | Age | Imperial Age |
| 30:49 | Create | Trebuchet (Packed) |
| 30:55 | Create | Villager (Male) |
| 30:55 | Create | Villager (Male) |
| 31:09 | Create | Trebuchet (Packed) |
| 31:33 | Build | Castle |
| 31:47 | Create | Villager (Male) |
| 32:01 | Research | Gold Shaft Mining |
| 32:41 | Research | Double Crossbow |
| 32:55 | Create | Villager (Male) |
| 32:55 | Create | Villager (Male) |
| 33:37 | Create | Trebuchet (Packed) |
| 34:29 | Build | Siege Workshop |
| 34:37 | Create | Ballista Elephant |
| 34:40 | Create | Ballista Elephant |
| 34:45 | Create | Ballista Elephant |
| 34:46 | Create | Ballista Elephant |
| 35:16 | Build | Mining Camp |
| 35:39 | Build | Lumber Camp |
| 36:07 | Create | Ballista Elephant |
| 36:12 | Create | Ballista Elephant |
| 36:17 | Create | Ballista Elephant |
| 36:22 | Create | Ballista Elephant |
| 36:52 | Create | Scorpion |
| 36:53 | Create | Scorpion |
| 37:03 | Create | Villager (Male) |
| 37:03 | Create | Villager (Male) |
| 37:07 | Create | Ballista Elephant |
| 37:07 | Create | Ballista Elephant |
| 37:11 | Create | Ballista Elephant |
| 37:11 | Create | Ballista Elephant |
| 37:58 | Create | Ballista Elephant |
| 37:59 | Create | Ballista Elephant |
| 38:04 | Create | Ballista Elephant |
| 38:11 | Create | Trebuchet (Packed) |
| 38:37 | Create | Ballista Elephant |
| 38:37 | Create | Ballista Elephant |
| 39:35 | Create | Ballista Elephant |
| 39:36 | Create | Ballista Elephant |
| 39:36 | Create | Ballista Elephant |
Build order — laranev0101
First 150 of 250 actions detected
| 0:21 | Research | Loom |
| 0:22 | Create | Villager (Male) |
| 0:22 | Create | Villager (Male) |
| 0:22 | Create | Villager (Male) |
| 0:23 | Create | Villager (Male) |
| 0:23 | Create | Villager (Male) |
| 0:31 | Build | House |
| 0:42 | Build | House |
| 0:44 | Build | House |
| 0:46 | Build | House |
| 1:46 | Create | Villager (Male) |
| 2:41 | Build | House |
| 2:42 | Build | House |
| 2:43 | Build | House |
| 2:49 | Create | Villager (Male) |
| 3:23 | Create | Villager (Male) |
| 3:23 | Create | Villager (Male) |
| 3:25 | Create | Villager (Male) |
| 3:59 | Create | Villager (Male) |
| 4:20 | Create | Villager (Male) |
| 4:40 | Create | Villager (Male) |
| 4:58 | Create | Villager (Male) |
| 5:31 | Create | Villager (Male) |
| 6:01 | Create | Villager (Male) |
| 6:23 | Create | Villager (Male) |
| 7:07 | Create | Villager (Male) |
| 7:19 | Build | Mining Camp |
| 7:31 | Build | Mill |
| 7:44 | Create | Villager (Male) |
| 8:18 | Create | Villager (Male) |
| 8:47 | Create | Villager (Male) |
| 9:22 | Research | Feudal Age |
| 9:37 | Build | Lumber Camp |
| 10:03 | Build | Mining Camp |
| 10:28 | Create | Villager (Male) |
| 10:29 | Create | Villager (Male) |
| 10:29 | Create | Villager (Male) |
| 10:29 | Create | Villager (Male) |
| 11:32 | Age | Feudal Age |
| 11:35 | Research | Double-Bit Axe |
| 11:51 | Build | Farm |
| 12:01 | Build | Farm |
| 12:09 | Research | Town Watch |
| 12:14 | Create | Villager (Male) |
| 12:16 | Create | Villager (Male) |
| 12:27 | Build | Farm |
| 12:38 | Build | Farm |
| 12:55 | Build | Farm |
| 12:59 | Create | Villager (Male) |
| 12:59 | Create | Villager (Male) |
| 13:26 | Build | Farm |
| 13:32 | Create | Villager (Male) |
| 13:36 | Create | Villager (Male) |
| 13:46 | Build | Farm |
| 13:54 | Build | Farm |
| 14:34 | Build | Barracks |
| 14:47 | Research | Horse Collar |
| 15:36 | Build | House |
| 15:38 | Build | House |
| 16:03 | Build | Farm |
| 16:07 | Build | Farm |
| 16:11 | Create | Villager (Male) |
| 16:12 | Create | Villager (Male) |
| 16:24 | Build | Farm |
| 16:29 | Research | Wheelbarrow |
| 16:43 | Build | Farm |
| 17:02 | Build | Blacksmith |
| 17:11 | Build | Market |
| 17:25 | Create | Villager (Male) |
| 17:25 | Create | Villager (Male) |
| 18:47 | Build | Farm |
| 19:06 | Research | Castle Age |
| 19:11 | Build | Farm |
| 19:28 | Research | Stone Mining |
| 19:45 | Research | Gold Mining |
| 19:58 | Build | Barracks |
| 20:05 | Create | Spearman |
| 20:07 | Create | Spearman |
| 20:13 | Create | Spearman |
| 20:15 | Create | Spearman |
| 20:40 | Create | Villager (Male) |
| 20:40 | Create | Villager (Male) |
| 20:40 | Create | Villager (Male) |
| 20:52 | Create | Villager (Male) |
| 20:53 | Create | Villager (Male) |
| 21:04 | Create | Villager (Male) |
| 21:46 | Age | Castle Age |
| 22:21 | Build | Castle |
| 22:28 | Research | Pikeman (upgrade) |
| 22:30 | Create | Spearman |
| 22:31 | Create | Spearman |
| 22:33 | Create | Spearman |
| 22:40 | Build | Farm |
| 22:43 | Build | Farm |
| 22:46 | Research | Heavy Plow |
| 22:54 | Research | Bow Saw |
| 23:07 | Build | Farm |
| 23:50 | Create | Villager (Male) |
| 23:59 | Build | Monastery |
| 24:06 | Create | Villager (Male) |
| 24:07 | Create | Villager (Male) |
| 24:20 | Build | House |
| 24:23 | Build | House |
| 24:24 | Build | House |
| 24:25 | Build | House |
| 24:27 | Build | House |
| 24:37 | Create | Villager (Male) |
| 24:37 | Create | Villager (Male) |
| 24:39 | Create | Villager (Male) |
| 24:48 | Build | University |
| 24:52 | Create | Monk |
| 24:52 | Create | Monk |
| 24:52 | Create | Monk |
| 25:15 | Build | Siege Workshop |
| 25:18 | Build | Siege Workshop |
| 25:32 | Research | Stone Shaft Mining |
| 25:33 | Research | Gold Shaft Mining |
| 26:08 | Build | House |
| 26:10 | Build | House |
| 26:11 | Build | House |
| 26:12 | Build | House |
| 26:14 | Build | House |
| 26:32 | Build | Siege Workshop |
| 26:35 | Create | Mangonel |
| 26:35 | Create | Mangonel |
| 26:36 | Create | Mangonel |
| 27:21 | Research | Hand Cart |
| 27:21 | Research | Town Patrol |
| 27:23 | Create | Villager (Male) |
| 27:24 | Create | Villager (Male) |
| 27:24 | Create | Villager (Male) |
| 27:25 | Create | Villager (Male) |
| 27:26 | Create | Villager (Male) |
| 27:26 | Create | Villager (Male) |
| 27:27 | Create | Villager (Male) |
| 27:45 | Build | Lumber Camp |
| 27:59 | Build | Stable |
| 28:02 | Build | Stable |
| 28:05 | Build | Stable |
| 29:08 | Build | House |
| 29:09 | Build | House |
| 29:10 | Build | House |
| 29:11 | Build | House |
| 29:12 | Build | House |
| 29:13 | Build | House |
| 29:14 | Build | House |
| 29:16 | Build | House |
| 29:17 | Build | House |
| 29:18 | Build | House |
| 30:14 | Build | Stable |
Match timeline
| 11:32 | laranev0101 · age_up feudal |
| 11:47 | k9_1a · age_up feudal |
| 11:56 | k9_1a · first_building Stable |
| 14:34 | laranev0101 · first_building Barracks |
| 20:44 | k9_1a · age_up castle |
| 21:20 | k9_1a · first_building Monastery |
| 21:46 | laranev0101 · age_up castle |
| 22:21 | laranev0101 · first_building Castle |
| 23:59 | laranev0101 · first_building Monastery |
| 25:06 | k9_1a · first_building Castle |
| 25:15 | laranev0101 · first_building Siege Workshop |
| 27:59 | laranev0101 · first_building Stable |
| 30:44 | k9_1a · age_up imperial |
| 34:29 | k9_1a · first_building Siege Workshop |
| 38:16 | laranev0101 · age_up imperial |
| 39:53 | laranev0101 · resign |
[ AI ANALYSIS · 1 CREDIT ]
What really happened in this match?
Wolo.gg analyzes every decision: build order, eco, micro, common mistakes by bracket. Personalized analysis on WhatsApp or Discord in 30 seconds.
Civ guide
Khmer
Map guide
Arena
Perfil
k9_1a